 Dungeon Crawl Stone Soup version 0.23.2-33-g5129a83184 (webtiles) character file.

Game seed: 4171478261057557473

72 Derp the Twirler (level 4, -2/34 HPs)
             Began as a Demonspawn Gladiator on July 16, 2019.
             Slain by an orc
             ... wielding a +0 trident
              (7 damage)
             ... on level 3 of the Dungeon.
             The game lasted 00:02:57 (1641 turns).

Derp the Twirler (Demonspawn Gladiator)             Turns: 1641, Time: 00:02:58

Health: -2/34      AC:  3    Str: 15    XL:     4   Next: 6%
Magic:  4/4        EV: 13    Int:  9    God:
Gold:   140        SH:  0    Dex: 15    Spells: 3/3 levels left

rFire    . . .     SeeInvis .   a - +0 quarterstaff
rCold    . . .     Gourm    .   (shield currently unavailable)
rNeg     . . .     Faith    .   b - +0 leather armour
rPois    .         Spirit   .   (helmet restricted)
rElec    .         Reflect  .   (no cloak)
rCorr    .         Harm     .   (no gloves)
MR       .....                  (no boots)
Stlth    +.........             (no amulet)
HPRegen  0.11/turn              (no ring)
MPRegen  0.09/turn              (no ring)

@: no status effects
A: antennae 1
a: no special abilities


You were on level 3 of the Dungeon.
You were not hungry.

You visited 1 branch of the dungeon, and saw 3 of its levels.

You collected 140 gold pieces.

Inventory:

Hand Weapons
 a - a +0 quarterstaff (weapon)
Missiles
 d - 3 throwing nets (quivered)
Armour
 b - a +0 leather armour (worn)
 c - a +0 helmet
Jewellery
 i - an uncursed ring of resist corrosion {unknown}
Wands
 r - a wand of clouds (4)
 s - a wand of iceblast (6)
Scrolls
 e - 2 scrolls of teleportation {unknown}
 g - 3 scrolls of identify {unknown}
 h - a scroll of random uselessness {unknown}
 j - a scroll of blinking {unknown}
 k - a scroll of remove curse {unknown}
 m - a scroll of enchant weapon {unknown}
Potions
 l - 3 potions of haste {unknown}
 n - a potion of lignification {unknown}
 o - 2 potions of curing {unknown}
 p - 2 potions of agility {unknown}
 q - 3 potions of resistance {unknown}
Comestibles
 f - 4 rations


   Skills:
 + Level 2.4 Fighting
 + Level 3.7 Staves
 + Level 1.8 Throwing
 + Level 0.6 Armour
 + Level 3.1 Dodging
 + Level 0.1 Stealth


You had 3 spell levels left.
You didn't know any spells.
Your spell library was empty.

Dungeon Overview and Level Annotations

Branches:
Dungeon (3/15)

Altars:


Innate Abilities, Weirdness & Mutations

You have a pair of small antennae on your head.


Message History

The orc is almost dead.
The orc hits you.
You hit the orc.
You kill the orc!
You have reached level 4!
You feel agile.
You sock the orc!
You kill the orc!
You closely miss the orc. The orc hits you with a +0 club.
You completely miss the orc.
The orc hits you from afar with a +0 trident!
The orc barely misses you.
You closely miss the orc.
The orc hits you from afar with a +0 trident!
* * * LOW HITPOINT WARNING * * *
The orc closely misses you.
You thump the orc!
You kill the orc!
The orc hits you from afar with a +0 trident!
You die...

#.. #....#<#
#.#####....#
#...#...##.#
#...#......#
###..........###..#
#..[..............#
#.#.......?.####. #
#.......#.#
#.......#@#
........##)#
#..#....###o#
#......## #..
.#..... ... #..#.
...# ####


You could see an orc.

Vanquished Creatures
  2 adders (D:2)
  2 worms (D:2)
  A dart slug (D:1)
  2 leopard geckos (D:2)
  4 orcs (D:3)
  3 goblins
  3 hobgoblins
  6 jackals (D:2)
  4 quokkas
  A ball python (D:2)
  4 bats
  5 kobolds
  A rat (D:2)
38 creatures vanquished.

Notes
Turn   | Place    | Note
-------+----------+-------------------------------------------
     0 | D:1      | Derp the Demonspawn Gladiator began the quest for the Orb.
     0 | D:1      | Reached XP level 1. HP: 16/16 MP: 1/1
   520 | D:1      | Gained mutation: You have a pair of small antennae on your
                  | head. [demonic ancestry]
   520 | D:1      | Reached XP level 2. HP: 22/22 MP: 2/2
   845 | D:2      | Reached XP level 3. HP: 10/27 MP: 3/3
  1636 | D:3      | Reached XP level 4. HP: 21/34 MP: 4/4
  1641 | D:3      | Slain by an orc

Skill      XL: |  1  2 |
---------------+-------+-----
Dodging        | 3 |  3.1
Staves         | 3 |  3.7
Fighting       | |  2.4
Throwing       | |  1.8
Armour         | |  0.6
Stealth        | |  0.1

Action                   |  1- 3 |  4- 6 || total
-------------------------+-------+-------++-------
Melee: Quarterstaff      |   114 |     5 ||   119
  Eat: Chunk             |     2 |       ||     2
Armor: Leather armour    |    43 |       ||    43
Dodge: Dodged            |   108 |     2 ||   110
